Map: Dusty Gorge

Players

TJRas - Winner!

  • Race: Terran Terran
  • Spawn Location: 11:00

CRR - Winner!

  • Race: Terran Terran
  • Spawn Location: 9:00

VOD

Have the link to the VOD?

Description

Time

  • Played on: Feb. 24, 2019, 10:15 p.m.
  • Length: 30:12
Show
View Real Time Build Order
Export as new Build Order

TJRas Terran - Winner!

Build Orders:  

Get SALT Encoding   

  12  0:04  SCV  
  13  0:21  SCV  
  14  0:42  SCV  
  15  1:02  Supply Depot  
  15  1:32  SCV  
  15  1:37  Barracks  
  16  1:49  SCV  
  17  2:15  SCV  
  18  2:23  Refinery  
  18  2:39  SCV  
  19  2:42  Supply Depot  
  19  2:47  Marine  
  20  3:00  SCV  
  21  3:12  Marine  
  22  3:29  Refinery  
  22  3:57  Engineering Bay  
  22  4:04  SCV  
  22  4:08  Marine  
  24  4:21  SCV  
  25  4:33  Marine  
  25  4:38  SCV  
  27  4:58  Marine  
  28  5:10  Terran Infantry Weapons Level 1  
  28  5:23  Marine  
  28  5:25  Barracks  
  29  5:48  Marine  
  30  5:53  Command Center  
  30  6:00  Factory  
  30  6:13  Marine  
  31  6:46  Supply Depot  
  31  6:48  Barracks Tech Lab  
  31  6:56  Factory  
  31  7:16  SCV  
  31  7:17  Supply Depot, Marine  
  33  7:23  Unknown  
  33  7:26  Marauder  
  35  7:33  SCV  
  36  7:41  Marine  
  37  7:50  SCV, Supply Depot, Terran Infantry Armor Level 1  
  37  7:56  Marauder  
  40  8:06  Marine  
  40  8:07  SCV  
  41  8:14  Refinery  
  38  8:22  Supply Depot  
  38  8:24  SCV  
  38  8:26  Marauder  
  39  8:31  Marine  
  39  8:38  Hellion  
  36  8:54  Supply Depot  
  36  8:56  Marauder, Marine  
  41  9:10  SCV  
  41  9:21  Marine  
  41  9:25  Factory Tech Lab  
  41  9:26  Supply Depot, Marauder  
  41  9:27  SCV  
  43  9:43  Armory  
  43  9:45  SCV  
  43  9:46  Marine  
  45  9:53  SCV  
  46  10:01  SCV  
  47  10:10  SCV  
  47  10:18  SCV  
  49  10:27  SCV  
  50  10:35  SCV  
  47  10:52  SCV  
  48  11:05  Marine  
  48  11:09  Marauder  
  51  11:15  Terran Vehicle Weapons Level 1  
  51  11:30  Marine  
  51  11:31  SCV  
  51  11:37  Command Center  
  51  11:39  Marauder  
  55  11:48  SCV  
  56  11:55  Marine, Missile Turret  
  57  12:04  Factory Tech Lab  
  57  12:05  SCV  
  57  12:09  Marauder  
  75  12:20  Marine  
  60  12:23  Missile Turret  
  60  12:25  Starport  
  61  12:33  Terran Infantry Weapons Level 2  
  61  12:39  Marauder  
  63  12:44  Marine  
  63  12:47  Planetary Fortress  
  64  12:56  Missile Turret  
  64  13:00  Missile Turret  
  64  13:08  SCV  
  64  13:09  Marauder, Marine  
  68  13:18  Starport  
  68  13:25  SCV  
  69  13:31  Missile Turret  
  69  13:34  Marine  
  69  13:36  Refinery  
  69  13:39  Marauder  
  72  13:42  SCV  
  72  13:44  Starport Tech Lab  
  73  13:59  SCV, Fusion Core, Marine  
  74  14:01  SCV  
  74  14:09  Marauder, Refinery  
  72  14:12  Starport  
  72  14:18  SCV  
  73  14:22  Siege Tank  
  76  14:34  Starport Tech Lab, SCV  
  77  14:43  SCV  
  78  14:51  SCV  
  79  15:00  SCV  
  79  15:07  Siege Tank  
  79  15:08  SCV  
  84  15:17  SCV  
  85  15:32  Terran Vehicle And Ship Armor Level 1  
  85  15:43  Terran Infantry Armor Level 2  
  85  15:45  Starport Tech Lab, Siege Tank  
  85  15:48  Battlecruiser  
  91  15:51  Battlecruiser  
  91  15:52  Siege Tank  
  100  16:06  SCV  
  101  16:23  SCV, Command Center  
  102  16:37  Siege Tank  
  101  16:40  SCV  
  106  17:10  Supply Depot  
  106  17:33  Marine  
  107  17:40  Battlecruiser  
  107  17:41  Supply Depot  
  113  17:58  Marine  
  114  18:12  Terran Vehicle Weapons Level 2  
  114  18:13  SCV, Supply Depot, Refinery  
  114  18:18  Battlecruiser  
  121  18:23  Marine  
  122  18:37  Battlecruiser  
  128  18:44  SCV, Supply Depot  
  128  18:48  Marine  
  130  18:53  Terran Infantry Weapons Level 3  
  130  18:54  SCV  
  130  18:55  Refinery  
  131  19:00  SCV  
  132  19:10  Battlecruiser  
  132  19:11  SCV  
  132  19:15  Supply Depot  
  139  19:28  SCV  
  140  19:45  SCV  
  140  19:46  Supply Depot  
  140  19:48  Refinery  
  137  20:01  SCV  
  137  20:04  Battlecruiser  
  144  20:17  SCV  
  144  20:18  SCV, Supply Depot  
  146  20:36  SCV  
  147  20:48  Battlecruiser  
  153  20:50  Supply Depot  
  153  21:01  Battlecruiser  
  159  21:18  Weapon Refit  
  159  21:21  Supply Depot  
  159  21:34  Battlecruiser  
  159  21:39  Command Center  
  165  22:18  Battlecruiser  
  171  22:34  Marine  
  172  22:40  Battlecruiser  
  178  22:59  Marine  
  179  23:01  Missile Turret  
  179  23:03  Battlecruiser  
  185  23:12  Terran Vehicle And Ship Armor Level 2  
  185  23:18  Refinery  
  185  23:20  Terran Infantry Armor Level 3  
  185  23:24  Marine  
  185  23:28  Missile Turret  
  186  23:48  Battlecruiser  
  186  23:49  Marine  
  193  24:00  Refinery  
  193  24:10  Battlecruiser  
  193  24:14  Marine  
  188  28:29  Battlecruiser  
  194  28:32  Battlecruiser  
  200  28:59  Hi-Sec Auto Tracking  
Show
View Real Time Build Order
Export as new Build Order

CRR Terran - Winner!

Build Orders:  

Get SALT Encoding   

  12  0:32  SCV  
  13  0:49  SCV  
  14  1:06  SCV  
  15  1:12  Supply Depot  
  15  1:42  SCV  
  15  1:43  Supply Depot  
  16  1:59  SCV  
  17  2:16  SCV, Supply Depot  
  17  2:19  Barracks  
  18  2:32  Refinery  
  18  2:33  SCV  
  19  2:50  SCV  
  20  3:07  SCV  
  21  3:22  Refinery  
  21  3:24  SCV  
  22  3:44  Command Center  
  22  4:04  Marine  
  23  4:29  Marine  
  24  4:46  Factory  
  24  4:54  Marine  
  25  5:19  Marine  
  26  5:33  SCV  
  26  5:35  Refinery  
  27  5:44  Marine  
  28  5:50  SCV  
  28  5:58  Factory Tech Lab  
  29  6:07  SCV  
  29  6:09  Marine  
  31  6:14  Starport  
  31  6:24  SCV  
  32  6:31  Siege Tank  
  35  6:41  SCV  
  36  6:58  SCV, Starport  
  37  7:09  Starport Tech Lab  
  37  7:12  Armory  
  37  7:15  SCV  
  38  7:26  Fusion Core  
  38  7:58  Starport Tech Lab  
  38  8:00  Refinery  
  38  8:06  SCV  
  39  8:23  SCV  
  40  8:40  SCV  
  40  8:48  Siege Tank  
  44  9:25  Battlecruiser  
  50  9:43  Terran Vehicle And Ship Armor Level 1  
  46  11:00  Weapon Refit  
  46  11:22  Battlecruiser  
  52  11:50  Supply Depot  
  52  12:20  Battlecruiser  
  52  12:23  Supply Depot  
  58  12:41  Terran Ship Weapons Level 1  
  58  12:43  Starport  
  58  12:54  Supply Depot  
  58  13:12  Battlecruiser  
  64  13:25  Supply Depot  
  64  13:50  Starport Tech Lab  
  64  13:58  Supply Depot  
  64  14:19  Command Center  
  64  14:29  Supply Depot  
  64  14:55  Battlecruiser  
  64  14:56  Battlecruiser x2  
  64  14:59  Refinery  
  82  15:02  Supply Depot  
  82  15:20  Terran Vehicle And Ship Armor Level 2  
  82  15:33  Supply Depot  
  82  16:06  Supply Depot  
  82  16:25  Battlecruiser  
  82  16:27  SCV  
  82  16:29  Refinery  
  89  16:38  Battlecruiser  
  95  16:44  SCV  
  96  17:01  SCV  
  97  17:14  Battlecruiser  
  97  17:18  SCV  
  104  17:34  SCV  
  105  17:44  Supply Depot  
  105  17:55  Battlecruiser  
  111  18:16  Supply Depot  
  111  18:30  Terran Ship Weapons Level 2  
  111  18:34  Battlecruiser  
  117  18:40  Refinery  
  117  18:44  Battlecruiser  
  117  18:49  Supply Depot  
  123  19:22  Supply Depot  
  123  19:25  Battlecruiser  
  123  19:26  Refinery  
  123  19:27  SCV  
  119  20:36  Battlecruiser x2  
  131  20:55  Battlecruiser  
  137  21:40  Terran Vehicle And Ship Armor Level 3  
  136  22:06  Battlecruiser x2  
  145  22:41  Battlecruiser  
  151  22:53  SCV  
  152  23:10  SCV  
  153  23:36  Battlecruiser  
  159  24:02  Refinery  
  159  24:32  Refinery  
  159  27:16  Battlecruiser x2  
Tags
 
Add a new tag
Caveats
  • Supply blocks, unpowered buildings, or Contaminate may cause inaccurate times.
  • Supply counts are checked every 10 seconds.